 Dungeon Sprint DCSS version 0.21-a0-338-g36cf2fc (webtiles) character file.

13087 Kidiri the Warrior (level 11, -8/171 HPs)
             Began as a Yellow Draconian Berserker on Oct 3, 2017.
             Was an Elder of Trog.
             Engulfed by a cloud of freezing vapour (20 damage)
             ... in the Dungeon (Sprint III: "The Ten Rune Challenge").
             The game lasted 00:16:49 (4747 turns).

Kidiri the Warrior (Yellow Draconian Berserker)     Turns: 4747, Time: 00:16:50

Health: -8/171     AC:  9    Str: 27    XL:     11   Next: 71%
Magic:  5/5        EV: 19    Int:  9    God:    Trog [****..]
Gold:   38         SH:  0    Dex: 10    Spells: 10/10 levels left

rFire    + . .     SeeInvis .   v - +3 executioner's axe (antimagic)
rCold    . . .     Gourm    .   (shield currently unavailable)
rNeg     . . .     Faith    .   (armour unavailable)
rPois    .         Spirit   .   (helmet restricted)
rElec    +         Reflect  .   k - +1 cloak
rCorr    +         Harm     .   (no gloves)
MR       .....     NoTele   +   (no boots)
Stlth    ..........             (no amulet)
HPRegen  0.38/turn              (no ring)
MPRegen  0.09/turn              (no ring)

@: berserking, slowed
A: spit acid, acid resistance, unfitting armour, beak, claws 1, blink, fire
resistance 1, electricity resistance, cold-blooded, AC +7
a: Breathe Acid, Blink, Berserk, Trog's Hand, Brothers in Arms, Burn Spellbooks,
Renounce Religion


You were in the Dungeon.
You worshipped Trog.
Trog was greatly pleased with you.
You were not hungry.

You visited 1 branch You collected 38 gold pieces.

Inventory:

Hand Weapons
 v - a +3 antimagic executioner's axe (weapon)
Missiles
 b - 2 tomahawks of dispersal
 j - 12 curare-tipped needles
 n - 7 tomahawks of returning (quivered)
 q - 2 needles of sleeping
 r - 2 needles of frenzy
 s - 2 silver javelins
Armour
 k - a +1 cloak (worn)
Wands
 t - a wand of digging (9/24)
Scrolls
 i - 6 scrolls of remove curse
 l - a scroll of holy word
 p - a scroll of immolation
Potions
 c - a potion of curing
 e - a potion of haste
 f - 2 potions of magic
 g - a potion of berserk rage
 o - 3 potions of flight
Comestibles
 a - 18 royal jellies


   Skills:
 * Level 16.2 Fighting
 * Level 15.0 Axes
 + Level 10.0 Throwing
 * Level 14.0 Dodging
 + Level 8.8 Evocations


You had 10 spell levels left.
You didn't know any spells.

Dungeon Overview and Level Annotations

Branches:
Dungeon (1/1)

Altars:
Cheibriados
Dithmenos
Elyvilon
Fedhas
Gozag
Hepliaklqana
Kikubaaqudgha
Makhleb
Nemelex Xobeh
Okawaru
Qazlal
Ru
Sif Muna
Trog
Uskayaw
Vehumet
Wu Jian
Xom
Yredelemnul
Zin
The Shining One
Beogh
Jiyva
Lugonu

Shops:
D %[}

Annotations:
D exclusion: 7 doors


Innate Abilities, Weirdness & Mutations

You can spit globs of acid.
You are resistant to acid.
Your golden yellow scales are hard. (AC +7)
You cannot fit into any form of body armour.
You are cold-blooded and may be slowed by cold attacks.
You have a beak for a mouth.
You have sharp fingernails.
You can translocate small distances at will.
Your flesh is heat resistant. (rF+)
You are resistant to electric shocks. (rElec)


Message History

The blast of cold hits you!
* * * LOW HITPOINT WARNING * * *
Unknown command.
Okay, then.
You feel much better.
The ice dragon is engulfed in freezing vapours.
Your ogre goes berserk!
You feel quite a bit more hungry. Trog will no longer gift you weapons.
You are engulfed in freezing vapours.
You feel as though you will be slow longer.
* * * LOW HITPOINT WARNING * * *
The ice dragon is engulfed in freezing vapours.
The ice dragon bites you!
* * * LOW HITPOINT WARNING * * *
The ice dragon closely misses you. The ice dragon completely misses you.
A red film seems to cover your vision as you go berserk!
You feel yourself moving faster!
You feel mighty!
You feel a lot more hungry.
You are engulfed in freezing vapours.
You die...

♣.♣♣ ♣..♣
♣♣.♣♣ #♣♣
♣♣.♣ .≈♣
♣♣.≈♣♣♣♣♣♣≈♣
♣≈≈..≈§§§≈.♣
♣.≈..§§§§≈.♣
♣.♣.§§O§D.§♣
♣♣♣♣♣♣♣♣@∩∩♣
♣♣♣♣♣


You could see an ice dragon and a friendly ogre (berserk).

Vanquished Creatures
  Rupert (D)
  A centaur warrior (D)
  2 death yaks (D)
  Urug (D)
  An unseen horror (D)
  A deep elf mage (D)
  A lindwurm (D)
  2 black mambas (D)
  2 spiny frogs (D)
  A rime drake (D)
  A komodo dragon (D)
  A queen bee (D)
  8 blink frogs (D)
  A tyrant leech (D)
  A shadow (D)
  3 redbacks (D)
  3 wandering mushrooms (D)
  A spatial vortex (D)
  A swamp drake (D)
  A necrophage (D)
  2 centaurs (D)
  An earth elemental (D)
  A water elemental (D)
  21 killer bees (D)
  Crazy Yiuf (D)
  A jelly (D)
  A wizard (D)
  A necromancer (D)
  3 humans (D)
  A kobold demonologist (D)
  2 oozes (D)
  2 swamp drake simulacra (D)
  2 rats (D)
  4 plants (D)
77 creatures vanquished.

Vanquished Creatures (collateral kills)
  An ice dragon (D)
  Erica (D)
  2 death yaks (D)
  A tyrant leech (D)
  11 killer bees (D)
16 creatures vanquished.

Vanquished Creatures (others)
  2 draconian scorchers (D)
  An ice dragon (D)
  A hydra (D)
  6 hellions (D)
  3 yaktaurs (D)
  4 bushes (D)
  3 plants (D)
20 creatures vanquished.

Grand Total: 113 creatures vanquished

Notes
Turn   | Place    | Note
-------+----------+-------------------------------------------
     0 | D        | Kidiri the Draconian Berserker began the quest for the Orb.
     0 | D        | Reached XP level 1. HP: 19/19 MP: 1/1
    21 | D        | Reached skill level 4 in Fighting
    21 | D        | Reached skill level 1 in Throwing
    21 | D        | Reached XP level 2. HP: 17/27 MP: 2/2
    99 | D        | Killed a hellion
   101 | D        | Killed a hellion
   101 | D        | Killed a hellion
   103 | D        | Killed a hellion
   136 | D        | Reached ** piety under Trog
   136 | D        | Killed a hellion
   168 | D        | Killed a white draconian scorcher
   174 | D        | Killed a yaktaur
   175 | D        | Reached XP level 3. HP: 5/35 MP: 3/3
   213 | D        | Killed a white draconian scorcher
   229 | D        | Killed a hellion
   442 | D        | Noticed Crazy Yiuf
   446 | D        | Killed Crazy Yiuf
   446 | D        | Reached skill level 5 in Fighting
   446 | D        | Reached skill level 5 in Axes
   478 | D        | Gained mutation: You possess an exceptional clarity of mind. [potion of mutation]
   478 | D        | Gained mutation: You have a pair of small horns on your head. [potion of mutation]
   478 | D        | Gained mutation: You have sharp toenails. [potion of mutation]
   479 | D        | Lost mutation: You have a pair of small horns on your head. [potion of mutation]
   479 | D        | Lost mutation: You possess an exceptional clarity of mind. [potion of mutation]
   479 | D        | Lost mutation: You have sharp toenails. [potion of mutation]
   479 | D        | Gained mutation: Your magical capacity is low. (-10% MP) [potion of mutation]
   479 | D        | Gained mutation: Your spells are a little harder to cast, but a little more powerful. [potion of mutation]
   480 | D        | Lost mutation: Your spells are a little harder to cast, but a little more powerful. [potion of mutation]
   480 | D        | Gained mutation: You are frail. (-10% HP) [potion of mutation]
   480 | D        | Gained mutation: Your tail ends in a poisonous barb. [potion of mutation]
   481 | D        | Lost mutation: You are frail. (-10% HP) [potion of mutation]
   481 | D        | Lost mutation: Your tail ends in a poisonous barb. [potion of mutation]
   481 | D        | Lost mutation: Your magical capacity is low. (-10% MP) [potion of mutation]
   481 | D        | Gained mutation: Your spells are a little harder to cast, but a little more powerful. [potion of mutation]
   481 | D        | Gained mutation: You are dopey. (Int -2) [potion of mutation]
   481 | D        | Gained mutation: You have a beak for a mouth. [potion of mutation]
   482 | D        | Lost mutation: Your spells are a little harder to cast, but a little more powerful. [potion of mutation]
   482 | D        | Lost mutation: You are dopey. (Int -2) [potion of mutation]
   482 | D        | Gained mutation: Your magical capacity is low. (-10% MP) [potion of mutation]
   482 | D        | Gained mutation: Your tail ends in a poisonous barb. [potion of mutation]
   482 | D        | Gained mutation: You are resistant to electric shocks. (rElec) [potion of mutation]
   483 | D        | Lost mutation: Your tail ends in a poisonous barb. [potion of mutation]
   483 | D        | Lost mutation: Your magical capacity is low. (-10% MP) [potion of mutation]
   483 | D        | Gained mutation: You can translocate small distances at will. [potion of mutation]
   483 | D        | Gained mutation: You have sharp fingernails. [potion of mutation]
   483 | D        | Gained mutation: Your flesh is heat resistant. (rF+) [potion of mutation]
   510 | D        | Noticed a water elemental
   515 | D        | Killed a water elemental
   515 | D        | Reached skill level 6 in Fighting
   515 | D        | Reached skill level 5 in Dodging
   515 | D        | Reached XP level 4. HP: 45/45 MP: 4/4
   593 | D        | Found a radiant altar of Vehumet.
   594 | D        | Found a deep blue altar of Sif Muna.
   594 | D        | Found an ancient bone altar of Kikubaaqudgha.
   594 | D        | Noticed a wizard
   595 | D        | Reached *** piety under Trog
   595 | D        | Killed a wizard
   595 | D        | Reached **** piety under Trog
   595 | D        | Reached XP level 5. HP: 51/51 MP: 5/5
   658 | D        | Found a glowing silver altar of Zin.
   659 | D        | Found a glowing golden altar of the Shining One.
   659 | D        | Found a white marble altar of Elyvilon.
   659 | D        | Noticed a deep elf mage
   662 | D        | Noticed a demonic crawler
   663 | D        | Noticed a hellwing
   665 | D        | Killed a deep elf mage
   665 | D        | Reached skill level 9 in Fighting
   665 | D        | Reached skill level 5 in Throwing
   665 | D        | Reached XP level 6. HP: 64/64 MP: 6/6
   665 | D        | Your scales start taking on a golden yellow colour.
   665 | D        | Reached XP level 7. HP: 70/70 MP: 7/7
   757 | D        | Found an ornate altar of the Wu Jian Council.
   757 | D        | Found an iron altar of Okawaru.
   758 | D        | Found a roughly hewn altar of Beogh.
   758 | D        | Found a bloodstained altar of Trog.
   758 | D        | Found a hide-covered altar of Uskayaw.
   758 | D        | Noticed a human
   758 | D        | Noticed a human
   764 | D        | Killed a human
   764 | D        | Reached skill level 10 in Fighting
   766 | D        | Killed a human
   813 | D        | Found a shadowy altar of Dithmenos.
   817 | D        | Received a gift from Trog
   819 | D        | Reached ***** piety under Trog
   820 | D        | Found a basalt altar of Yredelemnul.
   820 | D        | Found a sacrificial altar of Ru.
   825 | D        | Killed a yaktaur
   866 | D        | Noticed a shadow
   873 | D        | Received a gift from Trog
   873 | D        | Reached XP level 8. HP: 81/81 MP: 8/8
   877 | D        | Reached skill level 10 in Axes
   877 | D        | Reached skill level 1 in Evocations
   963 | D        | Found a blossoming altar of Fedhas.
   963 | D        | Found a stormy altar of Qazlal.
   963 | D        | Found a snail-covered altar of Cheibriados.
   963 | D        | Found a burning altar of Makhleb.
   963 | D        | Found a shimmering altar of Xom.
   964 | D        | Found a hazy altar of Hepliaklqana.
   964 | D        | Found an opulent altar of Gozag.
   964 | D        | Found a sparkling altar of Nemelex Xobeh.
   964 | D        | Found a corrupted altar of Lugonu.
   964 | D        | Found a viscous altar of Jiyva.
   974 | D        | Reached skill level 11 in Fighting
  1025 | D        | Noticed Erica
  1032 | D        | Killed Erica
  1128 | D        | Reached skill level 10 in Dodging
  1228 | D        | Noticed a centaur warrior
  1239 | D        | Killed a centaur warrior
  1239 | D        | Reached skill level 12 in Fighting
  1239 | D        | Reached XP level 9. HP: 74/91 MP: 10/12
  1415 | D        | Killed an unseen horror
  1542 | D        | Received a gift from Trog
  1550 | D        | Received a gift from Trog
  1563 | D        | Reached skill level 5 in Evocations
  1564 | D        | Reached skill level 13 in Fighting
  1800 | D        | Noticed a queen bee
  1803 | D        | Killed a queen bee
  1817 | D        | Received a gift from Trog
  1819 | D        | Reached XP level 10. HP: 101/101 MP: 12/14
  1823 | D        | Received a gift from Trog
  1826 | D        | Received a gift from Trog
  1848 | D        | Received a gift from Trog
  2374 | D        | Noticed a spiny frog
  2374 | D        | Noticed a spiny frog
  2379 | D        | Killed a spiny frog
  2384 | D        | Reached skill level 14 in Fighting
  2392 | D        | Killed a spiny frog
  2392 | D        | Reached ****** piety under Trog
  2392 | D        | Received a gift from Trog
  2462 | D        | Killed an ice dragon
  3027 | D        | Noticed a lindwurm
  3032 | D        | Killed a lindwurm
  3118 | D        | Noticed Urug
  3124 | D        | Killed Urug
  3302 | D        | Reached XP level 11. HP: 34/111 MP: 5/16
  3306 | D        | Received a gift from Trog
  3306 | D        | Reached skill level 15 in Fighting
  3312 | D        | HP: 3/168 [blink frog (8)]
  3690 | D        | Noticed Rupert
  3692 | D        | Paralysed by Rupert for 4 turns
  3703 | D        | Killed Rupert
  3741 | D        | Noticed a death yak
  3742 | D        | Noticed a death yak
  3745 | D        | Noticed a death yak
  3747 | D        | Noticed a death yak
  3751 | D        | Killed a death yak
  3754 | D        | Killed a death yak
  3765 | D        | Killed a death yak
  3769 | D        | Killed a death yak
  3769 | D        | Reached skill level 16 in Fighting
  4087 | D        | Noticed an azure jelly
  4087 | D        | Noticed an azure jelly
  4095 | D        | Reached skill level 15 in Axes
  4095 | D        | Reached skill level 10 in Throwing
  4097 | D        | Received a gift from Trog
  4413 | D        | Noticed an ice dragon
  4419 | D        | Killed an ice dragon
  4426 | D        | Found Mademu's Food Shoppe.
  4426 | D        | Found Mytoez's Antique Armour Boutique.
  4426 | D        | Found Voetoule's Gadget Emporium.
  4426 | D        | Noticed an ice dragon
  4431 | D        | Noticed an eight-headed hydra
  4625 | D        | Killed an eight-headed hydra
  4747 | D        | Engulfed by a cloud of freezing vapour

Vault maps used:
D:        dungeon_sprint_mu

Skill      XL: |  1  2  3  4  5  6  7  8  9 10 11 |
---------------+----------------------------------+-----
Dodging        | 3 4 5 8 9 10 11 12 14 | 14.0
Fighting       | 4 6 9 10 12 13 14 16 | 16.2
Throwing       | 1 2 3 5 7 9 10 | 10.0
Axes           | 4 5 6 8 9 11 12 13 15 | 15.0
Evocations     | 4 5 7 8 |  8.8

Action                   |  1- 3 |  4- 6 |  7- 9 | 10-12 || total
-------------------------+-------+-------+-------+-------++-------
Melee: Hand axe          |    32 |     7 |   111 |    14 ||   164
       Tailslap          |     1 |     2 |    14 |    21 ||    38
       Peck              |     2 |     2 |    21 |    20 ||    45
       Executioner's axe |       |       |       |   133 ||   133
Invok: Berserk           |     3 |     2 |     8 |    10 ||    23
       Burn Spellbooks   |       |     1 |       |       ||     1
       Brothers in Arms  |       |     1 |     5 |     8 ||    14
 Abil: Breathe Acid      |       |       |     5 |     4 ||     9
       Blink             |       |       |       |     1 ||     1
  Use: Potion            |     6 |       |       |     2 ||     8
       Scroll            |       |       |       |     3 ||     3
 Stab: Distracted        |       |       |       |     1 ||     1
  Eat: Chunk             |       |     3 |     3 |     7 ||    13
       Royal jelly       |       |       |     2 |     7 ||     9
       Meat ration       |       |       |     1 |       ||     1
       Bread ration      |       |       |     1 |       ||     1
Armor: Skin              |     6 |       |    21 |    37 ||    64
Dodge: Dodged            |    15 |    11 |    76 |   142 ||   244

Table legend:
 A = Spawn XP
 B = Non-spawn XP
 C = Spawn XP percentage of total XP
 D = Spawn monster count
 E = Non-spawn monster count
 F = Spawn count percentage of total count
 G = Total turns spent on level
                    A         B        C        D         E        F      G
               +---------+---------+-------+---------+---------+-------+---------
         Total |       0 |   18696 |   0.0 |       0 |      89 |   0.0 |  4747
               +---------+---------+-------+---------+---------+-------+---------
             D |       0 |   18696 |   0.0 |       0 |      89 |   0.0 |  4747
               +---------+---------+-------+---------+---------+-------+---------
